 Dungeon Crawl Stone Soup version 0.25.1-2-g60ff931df9 (webtiles) character file.

Game seed: 16171193333252100357

129 raphialitos the Sneak (level 4, -6/23 HPs)
             Began as a Spriggan Assassin on Oct 14, 2020.
             Mangled by a black bear (7 damage)
             ... on level 6 of the Dungeon.
             The game lasted 00:10:26 (3957 turns).

raphialitos the Sneak (Spriggan Assassin)           Turns: 3957, Time: 00:10:27

Health: -6/23      AC: -1    Str:  7    XL:     4   Next: 88%
Magic:  5/5        EV: 22    Int: 12    God:
Gold:   139        SH:  0    Dex: 18    Spells: 3/3 levels left

rFire    . . .     SeeInvis +   a - +2 dagger
rCold    . . .     Gourm    .   (shield restricted)
rNeg     . . .     Faith    .   b - +0 robe
rPois    .         Spirit   .   (helmet restricted)
rElec    .         Reflect  .   c - +0 cloak
rCorr    .         Harm     .   (gloves unavailable)
MR       .....                  (boots unavailable)
Stlth    ++++......             (no amulet)
HPRegen  0.07/turn              h - -4 ring of protection
MPRegen  0.09/turn              r - +4 ring of evasion

@: lethally poisoned (-6 -> -10), very quick
A: very small, unfitting armour, see invisible, herbivore, speed 3, slow
metabolism 2
a: no special abilities


You were on level 6 of the Dungeon.
You were hungry.

You visited 1 branch of the dungeon, and saw 4 of its levels.

You collected 139 gold pieces.

Inventory:

Hand Weapons
 a - a +2 dagger (weapon)
Missiles
 d - 19 poisoned darts (quivered)
 e - 2 curare-tipped darts
Armour
 b - a +0 robe (worn)
 c - a +0 cloak (worn)
Jewellery
 h - a -4 ring of protection (left hand)
 i - a +4 ring of evasion
 k - an uncursed ring of wizardry {unknown}
 o - an uncursed ring of ice {unknown}
 r - a +4 ring of evasion (right hand)
Scrolls
 g - 2 scrolls of teleportation
 q - a scroll of amnesia
Potions
 j - 2 potions of curing
 l - a potion of resistance {unknown}
 m - a potion of brilliance
 n - a potion of cancellation {unknown}
 p - a potion of might {unknown}
Comestibles
 f - 2 rations


   Skills:
 + Level 1.9 Fighting
 + Level 3.4 Short Blades
 + Level 2.2 Throwing
 + Level 2.6 Dodging
 + Level 7.9 Stealth


You had 3 spell levels left.
You didn't know any spells.
Your spell library was empty.

Dungeon Overview and Level Annotations

Branches:
Dungeon (3/15)

Altars:
Nemelex Xobeh

Annotations:
D:6 Menkaure


Innate Abilities, Weirdness & Mutations

You are very small and have problems with some larger weapons.
You are too small for most types of armour.
You have supernaturally acute eyesight. (SInv)
You are a herbivore.
You cover ground extremely quickly.
You need to consume almost no food.


Message History

The black bear misses you. x2; The black bear claws you.
You barely miss the black bear.
The black bear is lightly wounded.
The black bear closely misses you. The black bear misses you.
The black bear completely misses you.
You hit the black bear.
The black bear is lightly wounded.
You feel sick.
Menkaure mumbles some strange words.
Menkaure seems to speed up.
The water moccasin bites you.
* * * LOW HITPOINT WARNING * * *
You hit the black bear.
The black bear is moderately wounded.
The black bear completely misses you. The black bear closely misses you.
The black bear completely misses you. The water moccasin bites you.
* * * LOW HITPOINT WARNING * * *
You closely miss the black bear.
The black bear is moderately wounded.
The black bear bites you!
You die...

#...#
#..##..##.#.##
##..
##..#Z.#####.##
##. #.....#
#..# ##...##
##MZ# #####
##..## #..##
#.## ##S# #@##
.....ah.#
##..##### #


You could see a water moccasin, a black bear, Menkaure (fast), a worker ant and
a bullfrog zombie.

Vanquished Creatures
  3 gnolls (D:2)
  4 adders (D:2)
  A worm (D:2)
  2 dart slugs
  A leopard gecko (D:1)
  A ball python (D:2)
  A giant cockroach (D:2)
  3 goblins
  6 hobgoblins
  8 jackals
  3 kobolds
  3 quokkas (D:2)
  9 bats
  4 frilled lizards
  6 rats
55 creatures vanquished.

Vanquished Creatures (others)
  5 toadstools (D:1)
5 creatures vanquished.

Grand Total: 60 creatures vanquished

Notes
Turn   | Place    | Note
-------+----------+-------------------------------------------
     0 | D:1      | raphialitos the Spriggan Assassin began the quest for the
                  | Orb.
     0 | D:1      | Reached XP level 1. HP: 10/10 MP: 2/2
    32 | D:1      | Reached skill level 6 in Stealth
   130 | D:1      | Reached XP level 2. HP: 5/14 MP: 3/3
   855 | D:2      | Reached skill level 7 in Stealth
  1292 | D:2      | Reached XP level 3. HP: 18/18 MP: 4/4
  2546 | D:2      | Reached XP level 4. HP: 14/23 MP: 5/5
  2677 | D:2      | Found a sparkling altar of Nemelex Xobeh.
  3902 | D:3      | You fall into a shaft and drop 3 floors!
  3903 | D:6      | Noticed an orc warrior
  3925 | D:6      | Noticed a water moccasin
  3939 | D:6      | Noticed Menkaure
  3951 | D:6      | Noticed a black bear
  3956 | D:6      | HP: 1/23 [water moccasin (2)]
  3957 | D:6      | Mangled by a black bear

Illustrated notes

Levels and vault maps discovered:
D:1:      ldierk_walled_garden, layout_rooms
D:2:      layout_loops_corners, lemuel_doored_altar, minmay_vboxes
D:3:      layout_basic, nicolae_qazlal_general_emergency
D:6:      layout_layer_cave, lemuel_crystal_altar, okawaru_gym_becter,
          minmay_temple_entry_glassed_door, ebering_ghost_rock_garden,
          uniq_menkaure

Skill      XL: |  1  2  3 |
---------------+----------+-----
Stealth        | 6 7 |  7.9
Short Blades   | 3 |  3.4
Dodging        | 2 |  2.6
Fighting       | |  1.9
Throwing       | |  2.2

Action                   |  1- 3 |  4- 6 || total
-------------------------+-------+-------++-------
Melee: Dagger            |   129 |    76 ||   205
  Use: Scroll            |     7 |     1 ||     8
 Stab: Sleeping          |    12 |     3 ||    15
       Distracted        |       |     1 ||     1
Armor: Robe              |     9 |       ||     9
Dodge: Dodged            |   103 |    78 ||   181
